 Dungeon Crawl Stone Soup version 0.27.0-1-g7a089689b8 (webtiles) character file.

Game seed: 8454191509273277698

49 asterach the Sneak (level 3, -6/17 HPs)
             Began as a Vine Stalker Enchanter on July 31, 2021.
             Killed by nerve-wracking pain
             ... invoked by an orc priest
              (7 damage)
             ... on level 2 of the Dungeon.
             The game lasted 00:04:26 (2313 turns).

asterach the Sneak (Vine Stalker Enchanter)         Turns: 2313, Time: 00:04:27

Health: -6/17      AC:  3    Str: 10    XL:     3   Next: 75%
Magic:  0/7        EV: 16    Int: 15    God:
Gold:   57         SH:  0    Dex: 15    Spells: 5/6 levels left

rFire    . . .     SeeInvis .   a - +1 dagger
rCold    . . .     Faith    .   (no shield)
rNeg     . . .     Spirit   +   e - +0 leather armour
rPois    .         Reflect  .   (no helmet)
rElec    .         Harm     .   (no cloak)
rCorr    .         Rampage  .   (no gloves)
Will     .....     Clarity  +   (no boots)
Stlth    ++........             (no amulet)
HPRegen  0.05/turn              g - +4 ring of evasion
MPRegen  0.10/turn              j - ring of wizardry

@: no status effects
A: fangs 2, magic shield, antimagic bite, no potion heal 2, hooves 1, clarity
a: no special abilities


You were on level 2 of the Dungeon.
You visited 1 branch of the dungeon, and saw 3 of its levels.

You collected 57 gold pieces.

Inventory:

Hand Weapons
 a - a +1 dagger (weapon)
Armour
 e - a +0 leather armour (worn)
 i - a +0 tower shield
Jewellery
 g - a +4 ring of evasion (left hand)
 j - a ring of wizardry (right hand)
Scrolls
 b - a scroll of fog {unknown}
 d - a scroll of immolation {unknown}
Potions
 c - a potion of mutation
 f - a potion of resistance {unknown}
 h - a potion of heal wounds {unknown}
 k - a potion of degeneration {unknown}


   Skills:
 + Level 0.4 Fighting
 + Level 1.2 Short Blades
 + Level 0.2 Armour
 + Level 2.1 Dodging
 + Level 4.1 Stealth
 + Level 2.2 Spellcasting
 + Level 3.4 Hexes


You had 5 spell levels left.
You knew the following spells:

 Your Spells              Type           Power      Damage    Failure   Level
a - Corona                Hex            13%        N/A       2%          1

Your spell library contained the following spells:

 Spells                   Type           Power      Damage    Failure   Level
 Ensorcelled Hibernation  Hex/Ice        12%        N/A       9%          2
 Confusing Touch          Hex            12%        N/A       9%          3
 Tukima's Dance           Hex            12%        N/A       9%          3
 Dazzling Flash           Conj/Hex       12%        N/A       17%         3


Dungeon Overview and Level Annotations

Branches:
Dungeon (3/15)

Altars:


Innate Abilities, Weirdness & Mutations

You have extremely sharp teeth.
When hurt, damage is shared between your health and your magic reserves.
Your bite disrupts and absorbs the magic of your enemies.
Potions cannot restore your health.
You have large cloven feet.
You possess an exceptional clarity of mind.


Message History

You climb upwards.
There is a stone staircase leading down here.
Casting: Corona (safe; 2% risk of failure)
Confirm with . or Enter, or press ? or * to list all spells.
Aiming: Corona (safe; 2% risk of failure)
Press: ? - help, Shift-Dir - straight line, f - orc priest
Aim: an orc priest, wielding a +0 flail and wearing a +0 ring mail (chance to affect: 49%)
The orc priest is outlined in light.
The orc priest closely misses you.
The orc priest invokes the aid of Beogh against you.
Pain shoots through your body!
You barely miss the orc priest. Your bite misses the orc priest.
The orc priest hits you with a +0 flail!
* * * LOW HITPOINT WARNING * * *
The orc priest completely misses you.
You hit the orc priest but do no damage.
Your kick misses the orc priest. Your bite misses the orc priest.
The orc priest closely misses you. The orc priest completely misses you.
You hit the orc priest but do no damage.
You kick the orc priest, but do no damage.
The orc priest looks encouraged for a moment.
The orc priest hits you with a +0 club.
* * * LOW HITPOINT WARNING * * *
You hit the orc priest but do no damage.
You bite the orc priest. You drain its power.
You feel invigorated.
The orc priest is lightly wounded.
The orc priest closely misses you. The orc priest completely misses you.
You barely miss the orc priest. Your bite misses the orc priest.
The orc priest is lightly wounded.
The orc priest barely misses you. The orc priest closely misses you.
You hit the orc priest but do no damage.
You kick the orc priest.
You bite the orc priest, but do no damage.
The orc priest is moderately wounded.
The orc priest completely misses you. The orc priest hits you with a +0 club.
* * * LOW HITPOINT WARNING * * *
You hit the orc priest but do no damage.
The orc priest is moderately wounded.
The orc priest invokes the aid of Beogh against you.
Pain shoots through your body!
You die...

#####......##..#...# #....#.....
..........)..#(#...# #..........
.............#.....####...##.....
..........................##.....
.............##..######...##.....
.............###.# ###.##.....
#########....###.##### #.#######
#....##).....# #.#######
#....##.@o...# #........
####....##o.....# #........
#...............# #........
#...............# #........
#...............# #...#####
#.........#.##### #........
#.........#.# #...#####
#.........#.# #...# #.........#.#
#####


You could see 2 orc priests.

Vanquished Creatures
  An adder (D:2)
  A worm (D:2)
  A dart slug (D:2)
  2 orcs
  4 bats
  2 endoplasms (D:1)
  2 giant cockroaches (D:2)
  2 hobgoblins (D:1)
  3 jackals (D:1)
  A quokka (D:2)
  A ball python (D:2)
  4 frilled lizards (D:1)
  4 goblins
  A kobold (D:2)
  3 rats (D:2)
32 creatures vanquished.

Vanquished Creatures (others)
  A plant (D:1)
1 creature vanquished.

Grand Total: 33 creatures vanquished

Notes
Turn   | Place    | Note
-------+----------+-------------------------------------------
     0 | D:1      | asterach the Vine Stalker Enchanter began the quest for the
                  | Orb.
     0 | D:1      | Reached XP level 1. HP: 9/9 MP: 4/4
   513 | D:1      | Reached XP level 2. HP: 7/13 MP: 1/6
   515 | D:1      | Gained mutation: You possess an exceptional clarity of
                  | mind. [potion of mutation]
   515 | D:1      | Gained mutation: You have large cloven feet. [potion of
                  | mutation]
  1028 | D:1      | Found a faded altar of an unknown god.
  1151 | D:1      | Reached skill level 1 in Short Blades
  1573 | D:2      | Reached XP level 3. HP: 17/17 MP: 7/7
  1728 | D:2      | Reached skill level 4 in Stealth
  2313 | D:2      | Killed from afar by an orc priest

Illustrated notes

Levels and vault maps discovered:
D:1:      erik_arrival_triangle_small, layout_loops_cross,
          chequers_ecumenical_altar_lobes, minmay_statues_item,
          serial_bayou_lake_a
D:2:      layout_basic
D:3:      kb_forest_paths, layout_basic, dk_yredelemnul_ordeal,
          minmay_misc_feat_square

Skill      XL: |  1  2  3 |
---------------+----------+-----
Short Blades   | 1 |  1.2
Dodging        | 2 |  2.1
Stealth        | 4 |  4.1
Fighting       | |  0.4
Armour         | |  0.2
Spellcasting   | |  2.2
Hexes          | |  3.4

Action                   || total
-------------------------++-------
Melee: Dagger            ||    87
       Bite              ||    14
       Kick              ||    17
 Cast: Corona            ||     8
  Use: Scroll            ||     1
       Potion            ||     1
 Stab: Sleeping          ||     8
Armor: Leather armour    ||    17
Dodge: Dodged            ||    58
